APL (24 & UNDER)
STATE COLLEGE SPIKES @ KENOSHA KINGFISH
06/03/2028
 
TOP OF THE 1ST
State College Spikes batting - Pitching for Kenosha Kingfish : RHP Bob Holland
Pitching: RHP Bob Holland
Batting: RHB Matt Tucker 0-0: Called Strike
0-1: Foul Ball, location: 2F
0-2: Ball
1-2: Foul Ball, location: 2F
1-2: Ball
2-2: Foul Ball, location: 2F
2-2: Ground out 4-3 (Groundball, 4)
Batting: RHB Pedro Echevarría 0-0: Swinging Strike
0-1: Foul Ball, location: 2F
0-2: Ball
1-2: Ball
2-2: SINGLE (Groundball, 34D)
Batting: RHB Joe Salas 0-0: Called Strike
Pedro Echevarría steals 2nd base
0-1: Ball
1-1: Foul Ball, location: 2F
1-2: Strikes out looking
Batting: LHB Burt Ward 0-0: Ball
1-0: Called Strike
1-1: Ball
2-1: Foul Ball, location: 2F
2-2: Ground out 1-3 (Groundball, 13)
Top of the 1st over - 0 run(s), 1 hit(s), 0 error(s), 1 left on base; State College 0 - Kenosha 0
BOTTOM OF THE 1ST
Kenosha Kingfish batting - Pitching for State College Spikes : RHP Bob Howe
Pitching: RHP Bob Howe
Batting: LHB Marvin Nichols 0-0: Foul Ball, location: 2F
0-1: Foul Ball, location: 2F
0-2: Fly out, F9 (Flyball, 9S)
Batting: RHB Alejandro Ramírez 0-0: Fly out, F8 (Flyball, 8RS)
Batting: LHB Jon Quinn 0-0: Swinging Strike
0-1: Foul Ball, location: 2F
0-2: Strikes out swinging, 2-3 out at first.
Bottom of the 1st over - 0 run(s), 0 hit(s), 0 error(s), 0 left on base; State College 0 - Kenosha 0
TOP OF THE 2ND
State College Spikes batting - Pitching for Kenosha Kingfish : RHP Bob Holland
Batting: RHB Diego Benítez 0-0: Ball
1-0: Foul Ball, location: 2F
1-1: Foul Ball, location: 2F
1-2: Ball
2-2: Ground out 6-3 (Groundball, 6)
Batting: RHB Luis Árias 0-0: Ball
1-0: Foul Ball, location: 2F
1-1: Called Strike
1-2: Strikes out looking
Batting: RHB Vaughan Shelton 0-0: Ball
1-0: Ground out U3 (Groundball, 23)
Top of the 2nd over - 0 run(s), 0 hit(s), 0 error(s), 0 left on base; State College 0 - Kenosha 0
BOTTOM OF THE 2ND
Kenosha Kingfish batting - Pitching for State College Spikes : RHP Bob Howe
Batting: RHB Andrés Bustamante 0-0: Ball
1-0: Ball
2-0: Fly out, F4 (Popup, 4)
Batting: LHB Ernesto Meléndez 0-0: Foul Ball, location: 2F
0-1: Swinging Strike
0-2: Ball
1-2: Strikes out swinging
Batting: RHB Millard Ferguson 0-0: Called Strike
0-1: Ball
1-1: Foul Ball, location: 2F
1-2: DOUBLE (Flyball, 8LD)
Batting: RHB Juan Escalante 0-0: Ball
1-0: Swinging Strike
1-1: Ball
2-1: Ball
3-1: Foul Ball, location: 2F
3-2: Base on Balls
Batting: RHB Ron Campbell 0-0: Called Strike
0-1: Called Strike
0-2: Ball
1-2: Fielders Choice at 2nd, 6-4 (Groundball, 6)
Bottom of the 2nd over - 0 run(s), 1 hit(s), 0 error(s), 1 left on base; State College 0 - Kenosha 0
TOP OF THE 3RD
State College Spikes batting - Pitching for Kenosha Kingfish : RHP Bob Holland
Batting: RHB Daniel Martínez 0-0: Foul Ball, location: 2F
0-1: Ball
1-1: SINGLE (Groundball, 56D)
Batting: RHB José Maldonado 0-0: Called Strike
0-1: Foul Ball, location: 2F
0-2: Strikes out swinging
Batting: RHB Matt Tucker 0-0: Called Strike
0-1: Called Strike
0-2: Ball
1-2: Strikes out swinging
Batting: RHB Pedro Echevarría 0-0: Foul Ball, location: 2F
0-1: SINGLE (Groundball, 56) (infield hit)
Daniel Martínez to second
Batting: RHB Joe Salas 0-0: Ball
1-0: Ball
2-0: Ball
3-0: Base on Balls
Daniel Martínez to third
Pedro Echevarría to second
Batting: LHB Burt Ward 0-0: Ball
1-0: Foul Ball, location: 2F
1-1: Fly out, F7 (Flyball, 7LM)
Top of the 3rd over - 0 run(s), 2 hit(s), 0 error(s), 3 left on base; State College 0 - Kenosha 0
BOTTOM OF THE 3RD
Kenosha Kingfish batting - Pitching for State College Spikes : RHP Bob Howe
Batting: RHB David Barker 0-0: Ball
1-0: Ball
2-0: Swinging Strike
2-1: Foul Ball, location: 2F
2-2: Strikes out swinging
Batting: LHB Marvin Nichols 0-0: Bunt for hit - play at first, batter OUT! 1-3
Batting: RHB Alejandro Ramírez 0-0: Swinging Strike
0-1: Ball
1-1: Swinging Strike
1-2: Fly out, F7 (Flyball, 7S)
Bottom of the 3rd over - 0 run(s), 0 hit(s), 0 error(s), 0 left on base; State College 0 - Kenosha 0
TOP OF THE 4TH
State College Spikes batting - Pitching for Kenosha Kingfish : RHP Bob Holland
Batting: RHB Diego Benítez 0-0: Called Strike
0-1: Ball
1-1: Ball
2-1: Swinging Strike
2-2: Strikes out swinging
Batting: RHB Luis Árias 0-0: Swinging Strike
0-1: Fly out, F9 (Flyball, 9LS)
Batting: RHB Vaughan Shelton 0-0: Ball
1-0: Called Strike
1-1: Ball
2-1: Fly out, F9 (Flyball, 9LS)
Top of the 4th over - 0 run(s), 0 hit(s), 0 error(s), 0 left on base; State College 0 - Kenosha 0
BOTTOM OF THE 4TH
Kenosha Kingfish batting - Pitching for State College Spikes : RHP Bob Howe
Batting: LHB Jon Quinn 0-0: Called Strike
0-1: Ball
1-1: Ball
2-1: SINGLE (Groundball, 4MD)
Batting: RHB Andrés Bustamante 0-0: Grounds into double play, 1-6-3 (Groundball, 13)
Batting: LHB Ernesto Meléndez 0-0: Ball
1-0: Ball
2-0: Called Strike
2-1: Ball
3-1: Base on Balls
Batting: RHB Millard Ferguson 0-0: Ball
1-0: Swinging Strike
1-1: Foul Ball, location: 2F
1-2: Foul Ball, location: 2F
1-2: Fielders Choice at 2nd, 6-4 (Groundball, 6)
Bottom of the 4th over - 0 run(s), 1 hit(s), 0 error(s), 0 left on base; State College 0 - Kenosha 0
TOP OF THE 5TH
State College Spikes batting - Pitching for Kenosha Kingfish : RHP Bob Holland
Batting: RHB Daniel Martínez 0-0: Called Strike
0-1: Ball
1-1: Foul Ball, location: 2F
1-2: Foul Ball, location: 2F
1-2: SOLO HOME RUN (Flyball, 7D), Distance : 379 ft
Batting: RHB José Maldonado 0-0: Ball
1-0: Ball
2-0: Ball
3-0: Base on Balls
Batting: RHB Matt Tucker 0-0: Ball
1-0: Called Strike
1-1: Ball
2-1: SINGLE (Groundball, 56D)
José Maldonado to second
Batting: RHB Pedro Echevarría 0-0: Fielders Choice at 2nd, 6-4 (Groundball, 6)
José Maldonado to third
Batting: RHB Joe Salas 0-0: Called Strike
0-1: Called Strike
0-2: Ball
1-2: Ball
2-2: Ball
3-2: Fly out, F6 (Popup, 56)
Batting: LHB Burt Ward 0-0: Ball
Pedro Echevarría is caught stealing 2nd base
Top of the 5th over - 1 run(s), 2 hit(s), 0 error(s), 0 left on base; State College 1 - Kenosha 0
BOTTOM OF THE 5TH
Kenosha Kingfish batting - Pitching for State College Spikes : RHP Bob Howe
Batting: RHB Juan Escalante 0-0: Called Strike
0-1: Ball
1-1: Bunted foul
1-2: Foul Ball, location: 2F
1-2: Ball
2-2: Ball
3-2: Foul Ball, location: 2F
3-2: Foul Ball, location: 2F
3-2: Base on Balls
Batting: RHB Ron Campbell 0-0: Ball
1-0: Ball
2-0: Ball
3-0: Base on Balls
Juan Escalante to second
Batting: RHB David Barker 0-0: Ball
1-0: Ball
2-0: Ball
3-0: Called Strike
3-1: Called Strike
3-2: Fly out, F8 (Flyball, 8LM)
Batting: LHB Marvin Nichols 0-0: Ball
Wild Pitch!
Juan Escalante to third
Ron Campbell to second
1-0: Ball
2-0: Called Strike
2-1: 3-RUN HOME RUN (Flyball, 78D), Distance : 421 ft
Batting: RHB Alejandro Ramírez 0-0: Called Strike
0-1: Ball
1-1: Ball
2-1: Ball
3-1: Fly out, F8 (Line Drive, 8RM)
Batting: LHB Jon Quinn 0-0: Ball
1-0: Foul Ball, location: 2F
1-1: Foul Ball, location: 2F
1-2: Strikes out swinging
Bottom of the 5th over - 3 run(s), 1 hit(s), 0 error(s), 0 left on base; State College 1 - Kenosha 3
TOP OF THE 6TH
State College Spikes batting - Pitching for Kenosha Kingfish : RHP Bob Holland
Batting: LHB Burt Ward 0-0: Ball
1-0: Swinging Strike
1-1: Fly out, F9 (Flyball, 89M)
Pitching: RHP Pablo Suárez
Batting: RHB Diego Benítez 0-0: Ball
1-0: Called Strike
1-1: Ball
2-1: Foul Ball, location: 2F
2-2: Reached on error, E4 (Groundball, 4S)
Batting: RHB Luis Árias 0-0: Swinging Strike
0-1: Swinging Strike
0-2: Ball
1-2: Ball
2-2: Strikes out swinging
Batting: RHB Vaughan Shelton 0-0: Called Strike
0-1: Ball
1-1: Called Strike
1-2: Ball
2-2: Ball
3-2: Foul Ball, location: 2F
3-2: Foul Ball, location: 2F
3-2: Base on Balls
Diego Benítez to second
Batting: RHB Daniel Martínez 0-0: Called Strike
0-1: DOUBLE (Flyball, 78D)
Diego Benítez scores
Vaughan Shelton to third
Batting: RHB José Maldonado 0-0: Called Strike
0-1: Foul Ball, location: 2F
0-2: Strikes out looking
Top of the 6th over - 1 run(s), 1 hit(s), 1 error(s), 2 left on base; State College 2 - Kenosha 3
BOTTOM OF THE 6TH
Kenosha Kingfish batting - Pitching for State College Spikes : RHP Bob Howe
Pitching: RHP Drake Johnston
Batting: RHB Andrés Bustamante 0-0: Ball
1-0: Ball
2-0: Foul Ball, location: 2F
2-1: Fly out, F8 (Flyball, 8LD)
Batting: LHB Ernesto Meléndez 0-0: Called Strike
0-1: Foul Ball, location: 2F
0-2: Foul Ball, location: 2F
0-2: Strikes out looking
Batting: RHB Millard Ferguson 0-0: Ball
1-0: Called Strike
1-1: Foul Ball, location: 2F
1-2: Foul Ball, location: 2F
1-2: Ground out 4-3 (Groundball, 34)
Bottom of the 6th over - 0 run(s), 0 hit(s), 0 error(s), 0 left on base; State College 2 - Kenosha 3
TOP OF THE 7TH
State College Spikes batting - Pitching for Kenosha Kingfish : RHP Pablo Suárez
Batting: RHB Matt Tucker 0-0: Ball
1-0: Ball
2-0: Ball
3-0: Called Strike
3-1: Foul Ball, location: 2F
3-2: Foul Ball, location: 2F
3-2: Foul Ball, location: 2F
3-2: Foul Ball, location: 2F
3-2: Base on Balls
Pitching: LHP José Carlos
Batting: RHB Pedro Echevarría 0-0: Ball
1-0: Sac Bunt - play at first, batter OUT! 2-4
Matt Tucker to second
Batting: RHB Joe Salas 0-0: Ball
1-0: Called Strike
1-1: Ball
Wild Pitch!
Matt Tucker to third
2-1: Swinging Strike
2-2: Ground out 6-3 (Groundball, 6)
Pinch Hitting: RHB Millard Walker 0-0: Foul Ball, location: 2F
0-1: Foul Ball, location: 2F
0-2: Strikes out swinging
Top of the 7th over - 0 run(s), 0 hit(s), 0 error(s), 1 left on base; State College 2 - Kenosha 3
BOTTOM OF THE 7TH
Kenosha Kingfish batting - Pitching for State College Spikes : RHP Drake Johnston
Now in CF: Juan Carlos Ramos
Batting: RHB Juan Escalante 0-0: DOUBLE (Flyball, 9LD)
Pinch Hitting: RHB Rubén Hernández 0-0: Intentional Walk
Pinch Hitting: LHB Henry Durham 0-0: Ball
1-0: Sac Bunt - play at first, batter OUT! 1-4
Juan Escalante to third
Rubén Hernández to second
Batting: LHB Marvin Nichols 0-0: Ball
1-0: Fly out, F8 (Flyball, 8LS)
Runner from 3rd tags up, SCORES, no throw
Batting: RHB Alejandro Ramírez 0-0: Ball
1-0: Ground out 4-3 (Groundball, 4)
Bottom of the 7th over - 1 run(s), 1 hit(s), 0 error(s), 1 left on base; State College 2 - Kenosha 4
TOP OF THE 8TH
State College Spikes batting - Pitching for Kenosha Kingfish : LHP José Carlos
Now at 2B: Esteban Ayala
Now at SS: Doug Lutz
Batting: RHB Diego Benítez 0-0: Ball
1-0: Foul Ball, location: 2F
1-1: Called Strike
1-2: Foul Ball, location: 2F
1-2: Foul Ball, location: 2F
1-2: Strikes out looking
Batting: RHB Luis Árias 0-0: Ball
1-0: Ball
2-0: Ball
3-0: Base on Balls
Pitching: RHP Edwin Manning
Pinch Runner at 1st Norberto Márquez:
Batting: RHB Vaughan Shelton 0-0: Ball
1-0: Fly out, F8 (Flyball, 8LD)
Runner from 1st tags up, OUT at 2nd
Top of the 8th over - 0 run(s), 0 hit(s), 0 error(s), 0 left on base; State College 2 - Kenosha 4
BOTTOM OF THE 8TH
Kenosha Kingfish batting - Pitching for State College Spikes : RHP Drake Johnston
Batting: LHB Jon Quinn 0-0: Called Strike
0-1: Hit by Pitch
Batting: RHB Andrés Bustamante 0-0: Called Strike
0-1: Foul Ball, location: 2F
0-2: Ball
1-2: Ball
2-2: Fly out, F9 (Flyball, 9)
Batting: LHB Ernesto Meléndez 0-0: Swinging Strike
0-1: Ball
1-1: Swinging Strike
1-2: Strikes out swinging
Batting: RHB Millard Ferguson 0-0: Ball
1-0: Called Strike
1-1: Ground out 5-3 (Groundball, 2L)
Bottom of the 8th over - 0 run(s), 0 hit(s), 0 error(s), 1 left on base; State College 2 - Kenosha 4
TOP OF THE 9TH
State College Spikes batting - Pitching for Kenosha Kingfish : RHP Edwin Manning
Pitching: RHP Jim Snyder
Batting: RHB Daniel Martínez 0-0: Ball
1-0: Foul Ball, location: 2F
1-1: SINGLE (Line Drive, 8LS)
Pinch Runner at 1st Julián Garza:
Pinch Hitting: RHB Scott Lee 0-0: Ball
1-0: Ball
2-0: Called Strike
2-1: Swinging Strike
2-2: SINGLE (Line Drive, 78S)
Julián Garza to second
Pinch Hitting: LHB Robin Jamieson 0-0: Called Strike
0-1: Ball
1-1: Swinging Strike
1-2: Ball
2-2: Ground out 6-3 (Groundball, 6S)
Julián Garza to third
Scott Lee to second
Batting: RHB Pedro Echevarría 0-0: Called Strike
0-1: Ball
1-1: Ball
2-1: Called Strike
2-2: Ball
3-2: Base on Balls
Pinch Hitting: LHB Jorge Luna 0-0: Ball
1-0: Foul Ball, location: 2F
1-1: Swinging Strike
1-2: SINGLE (Groundball, 6D)
Julián Garza scores
Scott Lee to third
Pedro Echevarría to second
Runner from 3rd tries for Home, SAFE, no throw
Pitching: RHP Claudio Cuevas
Pinch Hitting: RHB Emory Brooks 0-0: Grounds into double play, 5-4-3 (Groundball, 5)
Top of the 9th over - 2 run(s), 3 hit(s), 0 error(s), 1 left on base; State College 4 - Kenosha 4
BOTTOM OF THE 9TH
Kenosha Kingfish batting - Pitching for State College Spikes : RHP Drake Johnston
Now at C: Emory Brooks
Now at 1B: Jorge Luna
Now at 2B: Robin Jamieson
Now in LF: Julián Garza
Now in CF: Dave Boom
Batting: RHB Juan Escalante 0-0: Called Strike
0-1: Called Strike
0-2: Ball
1-2: Ground out 5-3 (Groundball, 5L)
Batting: RHB Esteban Ayala 0-0: Called Strike
0-1: Ball
1-1: Called Strike
1-2: Ball
2-2: Foul Ball, location: 2F
2-2: Strikes out swinging
Pinch Hitting: LHB Justin McCoy 0-0: Ball
1-0: Swinging Strike
1-1: Ball
2-1: Fly out, F8 (Flyball, 8LD)
Bottom of the 9th over - 0 run(s), 0 hit(s), 0 error(s), 0 left on base; State College 4 - Kenosha 4
TOP OF THE 10TH
State College Spikes batting - Pitching for Kenosha Kingfish : RHP Claudio Cuevas
Now in RF: Justin McCoy
Batting: RHB Diego Benítez 0-0: Called Strike
0-1: Swinging Strike
0-2: Fly out, F7 (Flyball, 7D)
Batting: RHB Norberto Márquez 0-0: Swinging Strike
0-1: Swinging Strike
0-2: Foul Ball, location: 2F
0-2: Ball
1-2: Strikes out swinging
Batting: RHB Vaughan Shelton 0-0: Foul Ball, location: 2F
0-1: Foul Ball, location: 2F
0-2: Strikes out looking
Top of the 10th over - 0 run(s), 0 hit(s), 0 error(s), 0 left on base; State College 4 - Kenosha 4
BOTTOM OF THE 10TH
Kenosha Kingfish batting - Pitching for State College Spikes : RHP Drake Johnston
Pitching: LHP Michael Stewart
Pinch Hitting: RHB Armando Arellano 0-0: Ball
1-0: Ball
2-0: Foul Ball, location: 2F
2-1: Foul Ball, location: 2F
2-2: Ball
3-2: Ground out 1-3 (Groundball, P)
Batting: RHB Alejandro Ramírez 0-0: Ground out 5-3 (Groundball, 56S)
Batting: LHB Jon Quinn 0-0: Ball
1-0: Ball
2-0: Ball
3-0: Called Strike
3-1: Called Strike
3-2: Fly out, F8 (Flyball, 8LM)
Bottom of the 10th over - 0 run(s), 0 hit(s), 0 error(s), 0 left on base; State College 4 - Kenosha 4
TOP OF THE 11TH
State College Spikes batting - Pitching for Kenosha Kingfish : RHP Claudio Cuevas
Now at SS: Armando Arellano
Batting: RHB Julián Garza 0-0: Ball
1-0: Ball
2-0: Foul Ball, location: 2F
2-1: Ball
3-1: DOUBLE (Line Drive, 78D)
Batting: RHB Dave Boom 0-0: Swinging Strike
0-1: Foul Ball, location: 2F
0-2: Ball
1-2: Reached on error, E6 (Groundball, 6)
Julián Garza scores
Batting: LHB Robin Jamieson 0-0: Ball
1-0: Ball
2-0: Ball
3-0: Base on Balls
Batting: RHB Pedro Echevarría 0-0: Bunted foul
0-1: Bunt missed!
0-2: Ball
1-2: Ball
2-2: Foul Ball, location: 2F
2-2: Ball
3-2: Base on Balls
Dave Boom to third
Robin Jamieson to second
Batting: LHB Jorge Luna 0-0: Fly out, F9 (Flyball, 9LM)
Runner from 3rd tags up, SCORES, no throw
Pitching: LHP Dong-young Kang
Batting: RHB Emory Brooks 0-0: Called Strike
0-1: Swinging Strike
0-2: Ball
1-2: Ball
2-2: Foul Ball, location: 2F
2-2: Strikes out swinging
Batting: RHB Diego Benítez 0-0: Foul Ball, location: 2F
0-1: Ball
1-1: Called Strike
1-2: Strikes out looking
Top of the 11th over - 2 run(s), 1 hit(s), 1 error(s), 2 left on base; State College 6 - Kenosha 4
BOTTOM OF THE 11TH
Kenosha Kingfish batting - Pitching for State College Spikes : LHP Michael Stewart
Now at 3B: Ira Ross
Batting: RHB Andrés Bustamante 0-0: Foul Ball, location: 2F
0-1: Foul Ball, location: 2F
0-2: Ball
1-2: SOLO HOME RUN (Flyball, 78XD), Distance : 425 ft
Batting: LHB Ernesto Meléndez 0-0: Ball
1-0: Ball
2-0: Ball
3-0: Base on Balls
Batting: RHB Millard Ferguson 0-0: Called Strike
0-1: Swinging Strike
0-2: Strikes out swinging
Batting: RHB Juan Escalante 0-0: Ball
1-0: Ball
2-0: Fly out, F9 (Flyball, 9LM)
Batting: RHB Esteban Ayala 0-0: Fielders Choice at 2nd, 6-4 (Groundball, 6)
Bottom of the 11th over - 1 run(s), 1 hit(s), 0 error(s), 0 left on base; State College 6 - Kenosha 5
Tuesday, August 8th, 2017 - OOTP Baseball 17.12 Build 75